 Dungeon Crawl Stone Soup version 0.32-a0-450-g080537f31e (webtiles) character file.

Game seed: 2094001873910124845

2292 pokeman the Eclecticist (level 9, -2/47 HPs)
             Began as a Deep Elf Hedge Wizard on Feb 23, 2024.
             Succumbed to a gnoll sergeant's poison
             ... on level 7 of the Dungeon.
             The game lasted 00:14:02 (7152 turns).

pokeman the Eclecticist (Deep Elf Hedge Wizard)     Turns: 7152, Time: 00:14:02

Health: -2/47      AC:  3    Str:  7    XL:     9   Next: 17%
Magic:  22/30      EV: 13    Int: 24    God:
Gold:   330        SH:  0    Dex: 14    Spells: 30/38 levels left

rFire   . . .        s - +2 whip (venom)
rCold   . . .        (no shield)
rNeg    . . .        b - +0 robe
rPois   .            h - +0 helmet
rElec   .            (no cloak)
rCorr   +            (no gloves)
SInv    .            (no boots)
Will    +....        (no amulet)
Stlth   ++           m - ring of resist corrosion
HPRegen 0.27/turn    A - ring of willpower
MPRegen 0.22/turn

%: no passive effects
@: mighty, lethally poisoned (-2 -> -22)
A: no striking features
a: no special abilities


You were on level 7 of the Dungeon.
You visited 1 branch of the dungeon, and saw 7 of its levels.

You collected 330 gold pieces.

Inventory:

Hand Weapons
 s - a +2 whip of venom (weapon)
Missiles
 r - 2 throwing nets
Armour
 b - a +0 robe (worn)
 h - a +0 helmet (worn)
 u - a +0 buckler
Jewellery
 g - an amulet of guardian spirit
 j - a ring of fire
 m - a ring of resist corrosion (left hand)
 w - a ring of ice
 A - a ring of willpower (right hand)
Wands
 B - a wand of charming (13)
Scrolls
 a - a scroll of amnesia {unknown}
 c - 2 scrolls of revelation {unknown}
 e - 4 scrolls of teleportation {unknown}
 f - 3 scrolls of enchant weapon {unknown}
 l - a scroll of enchant armour {unknown}
 o - a scroll of immolation {unknown}
 p - 3 scrolls of identify {unknown}
 v - 2 scrolls of fear {unknown}
 y - 2 scrolls of blinking {unknown}
 z - a scroll of vulnerability {unknown}
 C - a scroll of noise {unknown}
Potions
 d - 2 potions of magic
 i - a potion of haste {unknown}
 k - 2 potions of might
 n - a potion of resistance {unknown}
 q - a potion of curing {unknown}
 t - 3 potions of heal wounds {unknown}
 x - a potion of ambrosia {unknown}


   Skills:
 - Level 1.0 Fighting
 - Level 1.0 Armour
 - Level 3.0 Dodging
 - Level 3.0 Stealth
 * Level 15.2 Spellcasting
 - Level 2.7 Conjurations
 - Level 1.1 Summonings
 - Level 1.1 Translocations
 - Level 1.0 Air Magic
 - Level 0.7 Alchemy


You had 30 spell levels left.
You knew the following spells:

 Your Spells              Type           Power      Damage    Failure   Level
a - Magic Dart            Conj           100%       1d8       1%          1
b - Mephitic Cloud        Conj/Alch/Air  25%        N/A       4%          3
c - Call Imp              Summ           46%        N/A       3%          2
d - Blink                 Tloc           46%        N/A       3%          2

Your spell library contained the following spells:

 Spells                   Type           Power      Damage    Failure   Level
 Slow                     Hex            72%        N/A       3%          1
 Cigotuvi's Dreadful Rot  Necr/Alch/Air  42%        N/A       3%          2
 Ensorcelled Hibernation  Hex/Ice        36%        N/A       4%          2
 Fugue of the Fallen      Necr           18%        N/A       10%         3
 Anguish                  Hex/Necr       9%         N/A       30%         4


Dungeon Overview and Level Annotations

Branches:
Dungeon (7/15)
 Temple: D:4-7

Altars:
Hepliaklqana
Yredelemnul

Shops:
D:1 =


Message History

The ball explodes into a vile cloud!
The stinking cloud engulfs the gnoll sergeant.
The gnoll sergeant is heavily wounded.
The stinking cloud engulfs the gnoll.
The gnoll is heavily wounded.
You feel sick.
The gnoll is engulfed in noxious fumes.
The gnoll appears confused.
The gnoll is engulfed in noxious fumes.
The gnoll appears confused.
The gnoll barely misses the gnoll sergeant.
The gnoll sergeant is engulfed in noxious fumes.
The gnoll sergeant appears confused.
Unknown command.
Casting: Mephitic Cloud (dangerous; 4% risk of failure)
Confirm with . or Enter, or press ? or * to list all spells.
Aiming: Magic Dart (safe; 1% risk of failure)
Press: ? - help, Shift-Dir - straight line, f - gnoll sergeant
Aim: a gnoll sergeant, wielding a +1 trident of venom and wearing a +0 ring mail (noxious fumes, heavily wounded, confused, very poisoned, 100% to hit)
The magic dart hits the gnoll sergeant but does no damage.
The gnoll sergeant is heavily wounded.
You feel sick.
The hound is engulfed in noxious fumes.
The hound appears confused.
The hound barely misses the gnoll.
The hound is engulfed in noxious fumes.
The hound appears confused.
The gnoll is engulfed in noxious fumes.
The gnoll appears confused.
The gnoll closely misses the hound.
The gnoll sergeant is engulfed in noxious fumes.
The gnoll sergeant appears confused.
You hit the gnoll sergeant.
The gnoll sergeant looks even sicker.
The gnoll sergeant is severely wounded.
You feel sick.
The gnoll sergeant hits you with a +1 trident of venom!
* * * LOW HITPOINT WARNING * * *
You are more poisoned.
The gnoll is engulfed in noxious fumes.
The gnoll appears confused.
The gnoll says, "Why is everything spinning?"
The hound is engulfed in noxious fumes.
The hound appears confused.
Your magical contamination has completely faded away.
Unknown command.
It was a potion of might.
You feel very mighty all of a sudden.
You die...

#####
############....
#............###
#.#..........###
#.#.########.##.
###.#.# #....
#...#.# ####.
#.###.## ##
#@##...# #
#hg°§#. #○°#...#
g☼g.#.## #
##...# # #...#
..... #.....
#.....#


You could see a gnoll sergeant (confused, very poisoned), a hound (confused) and
2 gnolls.

Vanquished Creatures
  Pikel (D:4)
  Sigmund (D:5)
  A human (D:4)
  Eustachio (D:5)
  Edmund (D:5)
  Menkaure (D:5)
  2 black bears
  An ogre (D:4)
  2 lemures (D:4)
  A phantom (D:5)
  A kobold brigand (D:6)
  2 howler monkeys
  A bombardier beetle (D:5)
  2 jellies
  8 hounds
  A human zombie (D:4)
  A sleepcap (D:6)
  4 iguanas
  An orc wizard (D:3)
  9 gnolls
  8 adders
  2 ufetubi (D:6)
  A ribbon worm (D:4)
  4 dart slugs
  20 orcs
  7 ball pythons
  5 endoplasms
  5 giant cockroaches
  5 goblins
  9 hobgoblins
  4 jackals (D:1)
  5 kobolds
  2 quokkas
  6 bats
  3 frilled lizards
  3 rats
131 creatures vanquished.

Vanquished Creatures (collateral kills)
  An orc (D:4)
1 creature vanquished.

Grand Total: 132 creatures vanquished

Notes
Turn   | Place    | Note
-------+----------+-------------------------------------------
     0 | D:1      | pokeman the Deep Elf Hedge Wizard began the quest for the
                  | Orb.
     0 | D:1      | Reached XP level 1. HP: 10/10 MP: 7/7
   122 | D:1      | Found Ezika's Jewellery Shoppe.
   270 | D:1      | Reached XP level 2. HP: 16/16 MP: 6/9
   350 | D:1      | You fall into a shaft and drop 1 floor!
   638 | D:2      | Reached skill level 5 in Spellcasting
   687 | D:1      | Reached XP level 3. HP: 18/20 MP: 8/11
   694 | D:1      | Learned a level 3 spell: Mephitic Cloud
   697 | D:1      | Learned a level 2 spell: Call Imp
   700 | D:1      | Learned a level 2 spell: Blink
  1298 | D:2      | Reached skill level 1 in Fighting
  1298 | D:2      | Reached skill level 1 in Armour
  1772 | D:2      | Reached XP level 4. HP: 25/25 MP: 10/13
  2009 | D:3      | Found a faded altar of an unknown god.
  2473 | D:3      | Reached skill level 6 in Spellcasting
  2477 | D:3      | Reached XP level 5. HP: 14/29 MP: 13/15
  3031 | D:4      | Noticed a human
  3032 | D:4      | Found a runed translucent door.
  3049 | D:4      | Reached skill level 1 in Air Magic
  3069 | D:4      | Found a basalt altar of Yredelemnul.
  3091 | D:4      | Noticed a lemure
  3093 | D:4      | Noticed a lemure
  3105 | D:4      | Killed a lemure
  3110 | D:4      | Killed a lemure
  3127 | D:4      | Noticed a lemure
  3134 | D:4      | Noticed Pikel
  3137 | D:4      | Noticed a lemure
  3149 | D:4      | Killed Pikel
  3150 | D:4      | Reached skill level 10 in Spellcasting
  3150 | D:4      | Reached XP level 6. HP: 25/34 MP: 4/21
  3150 | D:4      | Reached XP level 7. HP: 28/38 MP: 4/22
  4475 | D:4      | Killed a human
  4501 | D:5      | Entered Level 5 of the Dungeon
  4513 | D:5      | Reached skill level 11 in Spellcasting
  4573 | D:5      | Reached XP level 8. HP: 27/43 MP: 21/25
  4721 | D:5      | Noticed Eustachio
  4753 | D:5      | Killed Eustachio
  4754 | D:5      | Reached skill level 12 in Spellcasting
  4772 | D:5      | Noticed Edmund
  4801 | D:5      | Killed Edmund
  4942 | D:5      | Noticed Sigmund
  4965 | D:5      | Killed Sigmund
  4966 | D:5      | Reached skill level 13 in Spellcasting
  5034 | D:5      | Noticed Menkaure
  5050 | D:5      | Killed Menkaure
  5166 | D:5      | Reached skill level 14 in Spellcasting
  6145 | D:6      | Reached XP level 9. HP: 47/47 MP: 22/29
  6350 | D:6      | Found a hazy altar of Hepliaklqana.
  6589 | D:6      | Reached skill level 15 in Spellcasting
  7151 | D:7      | HP: 2/47 [gnoll sergeant/+1 trident of venom (12)]
  7152 | D:7      | Succumbed to a gnoll sergeant's poison

Illustrated notes

Levels and vault maps discovered:
D:1:      dpeg_arrival_shelter, layout_rooms, serial_shops, shop
D:2:      layout_basic
D:3:      layout_basic, basic_ecumenical_altar
D:4:      layout_loops_corners, dk_yredelemnul_ordeal, kennysheep_crisscross,
          uniq_pikel
D:5:      layout_basic, uniq_edmund, uniq_menkaure, uniq_eustachio, uniq_sigmund
D:6:      minmay_recursive_quarters, layout_gridville, lemuel_doored_altar
D:7:      corexii_shack_village, layout_loops_ring, temple_statues,
          nicolae_shop_unique_rings, hangedman_decor_clover_reticule,
          minmay_chambers_of_fives, uniq_joseph

Skill      XL: |  1  2  3  4  5  6  7  8  9 |
---------------+----------------------------+-----
Spellcasting   | 5 6 10 11 14 15 | 15.2
Fighting       | 1 |  1.0
Armour         | 1 |  1.0
Conjurations   | 2 |  2.7
Stealth        | 3 |  3.0
Dodging        | 3 |  3.0
Air Magic      | 1 |  1.0
Summonings     | |  1.1
Translocations | |  1.1
Alchemy        | |  0.7

Action                     |  1- 3 |  4- 6 |  7- 9 || total
---------------------------+-------+-------+-------++-------
  Melee: Dagger            |     1 |       |       ||     1
         Trident           |    16 |    33 |       ||    49
         Whip              |       |    25 |   118 ||   143
   Cast: Magic Dart        |    97 |    54 |   136 ||   287
         Mephitic Cloud    |       |     6 |    21 ||    27
         Call Imp          |       |     2 |     4 ||     6
    Use: Potion            |       |       |     1 ||     1
   Stab: Sleeping          |       |     2 |       ||     2
         Confused          |       |     3 |    13 ||    16
         Distracted        |       |     1 |       ||     1
 Armour: Robe              |    25 |    19 |    47 ||    91
  Dodge: Dodged            |    21 |    24 |    72 ||   117

Table legend: (Time is in decaauts)
 A = Elapsed time spent in this place.
 B = Non-inter-level travel time spent in this place.
 C = Inter-level travel time spent in this place.
 D = Time resting spent in this place.
 E = Time spent auto-exploring this place.
 F = Levels seen in this place.
 G = Mean time per level.
                   A        B        C        D        E       F      G
               +--------+--------+--------+--------+--------+-----+--------+
         Total |   7179 |   6863 |    316 |     42 |   5830 |   7 | 1025.6 |
       Dungeon |   7179 |   6863 |    316 |     42 |   5830 |   7 | 1025.6 |
               +--------+--------+--------+--------+--------+-----+--------+

Top non-repeatable levels by time:
     D:4: 1508 daAuts
     D:5: 1302 daAuts
     D:6: 1254 daAuts
     D:3: 1183 daAuts
     D:2: 982 daAuts
     D:1: 845 daAuts
     D:7: 102 daAuts
